 Dungeon Crawl Stone Soup version 0.31-a0-182-gc5ef74bbde (webtiles) character file.

Game seed: 14947623008040809518

163 qw the Chopper (level 5, -16/32 HPs)
             Began as a Gargoyle Fighter on June 20, 2023.
             Demolished by an ogre
             ... wielding a +0 giant club
              (18 damage)
             ... on level 3 of the Dungeon.
             The game lasted 00:01:04 (1858 turns).

qw the Chopper (Gargoyle Fighter)                   Turns: 1858, Time: 00:01:05

Health: -16/32     AC: 14    Str: 22    XL:     5   Next: 44%
Magic:  5/5        EV:  9    Int:  8    God:
Gold:   57         SH:  4    Dex:  9    Spells: 4/4 levels left

rFire   . . .        Y - +0 war axe
rCold   . . .        c - +0 buckler
rNeg    + . .        b - +0 scale mail
rPois   inf          h - +2 hat
rElec   +            f - +0 cloak
rCorr   .            (no gloves)
SInv    .            (no boots)
Will    .....        (no amulet) Stlth
                     (no ring)
HPRegen 0.25/turn    (no ring)
MPRegen 0.09/turn

%: no passive effects
@: no status effects
A: sickness immunity, AC +4, negative energy resistance 1, electricity
resistance, torment resistance 1, petrification resistance
a: no special abilities


You were on level 3 of the Dungeon.
You visited 1 branch of the dungeon, and saw 3 of its levels.

You collected 57 gold pieces.


Innate Abilities, Weirdness & Mutations

You are immune to sickness and miasma.
Your stone body is resilient. (AC +4)
You are immune to poison.
You resist negative energy. (rN+)
You are resistant to electric shocks. (rElec)
You are resistant to unholy torment.
You are immune to petrification.


   Skills:
 + Level 3.3 Fighting
 - Level 5.0 Axes
 - Level 3.2 Armour
 - Level 3.2 Shields


You had 4 spell levels left.
You didn't know any spells.
Your spell library was empty.

Inventory:

Hand Weapons
 e - a +0 club
 Y - a +0 war axe (weapon)
Armour
 b - a +0 scale mail (worn)
 c - a +0 buckler (worn)
 f - a +0 cloak (worn)
 h - a +2 hat (worn)
Scrolls
 a - a scroll of identify
Potions
 d - a potion of might
 j - a potion of heal wounds {unknown}

Dungeon Overview and Level Annotations

Branches:
Dungeon (3/15)

Altars:

Shops:
D:1 [


Message History

The hobgoblin moves out of view.
An ogre comes into view. It is wielding a +0 giant club.
A frilled lizard comes into view.
1836 ||| Stepping ~*~*~tactically~*~*~ (stealth).
You closely miss the ball python. The ball python barely misses you.
The ball python closely misses you. x2
The ball python grabs you. The ball python constricts you.
You barely miss the ball python. The ball python barely misses you.
The ball python constricts you.
You hit the ball python.
You kill the ball python!
You closely miss the hobgoblin.
The hobgoblin hits you but does no damage.
You slash the hobgoblin!
You kill the hobgoblin!
You see here a ball python corpse.
Found a runed hand axe.
The ogre shouts!
You hear an angry hiss.
You barely miss the ogre. The ogre hits you with a +0 giant club!
You barely miss the ogre. The ogre barely misses you.
You closely miss the ogre. The ogre barely misses you.
You hit the ogre.
The ogre is lightly wounded.
The ogre hits you with a +0 giant club!
You closely miss the ogre.
The ogre is lightly wounded.
You hit the ogre.
The ogre is moderately wounded.
The ogre hits you with a +0 giant club!
You hit the ogre.
The ogre is moderately wounded.
The ogre barely misses you.
You slash the ogre!
The ogre is severely wounded.
The ogre hits you with a +0 giant club!!
Ouch! That really hurt!
You die...

).......# ..#.....#
........# ........#
......# #....#
#...O# #...@# #
####.# #.#####%#
#.#.#.#.....####
....(.............#
#######.#########.#
#.# #.# #.#


You could see an ogre.

Vanquished Creatures
  Natasha (thrice) (D:2)
  2 adders (D:2)
  A worm (D:2)
  5 dart slugs
  7 ball pythons
  An endoplasm (D:1)
  4 giant cockroaches
  8 goblins
  5 hobgoblins
  7 jackals
  A quokka (D:2)
  4 bats
  4 frilled lizards
  5 kobolds (D:1)
  2 rats (D:1)
59 creatures vanquished.

Notes
Turn   | Place    | Note
-------+----------+-------------------------------------------
     0 | D:1      | qw the Gargoyle Fighter began the quest for the Orb.
     0 | D:1      | Reached XP level 1. HP: 14/14 MP: 1/1
     0 | D:1      | 0 ||| qw: Version: 0.3-a-9-g12657ce
     0 | D:1      | 0 ||| qw: Game counter: 1512
     0 | D:1      | 0 ||| qw: Always use a shield: true
     0 | D:1      | 0 ||| qw: God list: Okawaru
     0 | D:1      | 0 ||| qw: Allow faded altars: false
     0 | D:1      | 0 ||| qw: Do Orc after D:15 true
     0 | D:1      | 0 ||| qw: Do second Lair branch before Depths: true
     0 | D:1      | 0 ||| qw: Lair rune preference: random
     0 | D:1      | 0 ||| qw: Plans: Normal, Zot:1-4, Slime:5, God:TSO, Crypt,
                  | Tomb, Abyss, Pan, Hells, Win
     0 | D:1      | 0 ||| PLANNING D:1-11
    42 | D:1      | 42 ||| Stepping ~*~*~tactically~*~*~ (hiding).
    44 | D:1      | 44 ||| Stepping ~*~*~tactically~*~*~ (hiding).
    49 | D:1      | Reached skill level 2 in Axes
   205 | D:1      | Reached XP level 2. HP: 19/19 MP: 2/2
   345 | D:1      | Found Wyrid's Armour Shoppe.
   347 | D:1      | 347 ||| Stepping ~*~*~tactically~*~*~ (hiding).
   372 | D:1      | 372 ||| SHOPLISTING +0 chain mail (54 gold, have 7).
   372 | D:1      | 372 ||| SHOPLISTING +1 plate armour of cold resistance (420
                  | gold, have 7).
   378 | D:1      | 378 ||| Stepping ~*~*~tactically~*~*~ (hiding).
   379 | D:1      | 379 ||| Stepping ~*~*~tactically~*~*~ (hiding).
   384 | D:1      | 384 ||| Stepping ~*~*~tactically~*~*~ (hiding).
   511 | D:1      | Reached skill level 3 in Axes
   529 | D:1      | Reached XP level 3. HP: 23/23 MP: 3/3
   629 | D:1      | 629 ||| Stepping ~*~*~tactically~*~*~ (stealth).
   919 | D:1      | 919 ||| UPGRADING to +0 cloak.
   982 | D:2      | Noticed Natasha
   983 | D:2      | 983 ||| Stepping ~*~*~tactically~*~*~ (hiding).
   989 | D:2      | Killed Natasha
   990 | D:2      | Reached skill level 4 in Axes
   990 | D:2      | Reached XP level 4. HP: 28/28 MP: 4/4
  1069 | D:2      | Noticed Natasha
  1070 | D:2      | 1070 ||| Stepping ~*~*~tactically~*~*~ (stealth).
  1071 | D:2      | 1071 ||| Stepping ~*~*~tactically~*~*~ (stealth).
  1077 | D:2      | Killed Natasha
  1323 | D:2      | 1323 ||| Stepping ~*~*~tactically~*~*~ (stealth).
  1326 | D:2      | 1326 ||| Stepping ~*~*~tactically~*~*~ (stealth).
  1328 | D:2      | 1328 ||| Stepping ~*~*~tactically~*~*~ (stealth).
  1336 | D:2      | Reached XP level 5. HP: 30/32 MP: 5/5
  1396 | D:2      | Noticed Natasha
  1400 | D:2      | Killed Natasha
  1757 | D:2      | Reached skill level 5 in Axes
  1782 | D:2      | 1782 ||| UPGRADING to +2 hat.
  1787 | D:2      | 1787 ||| DROPPING ring of flight.
  1788 | D:2      | 1788 ||| READING 3 scrolls labelled ETSEJU DUECWU.
  1789 | D:2      | 1789 ||| READING scroll labelled NESKAO RACE.
  1790 | D:2      | 1790 ||| READING scroll labelled IXZE XIPIUK.
  1794 | D:2      | 1794 ||| READING 2 scrolls of identify.
  1794 | D:2      | 1794 ||| IDENTIFYING purple potion
  1795 | D:2      | 1795 ||| DROPPING potion of ambrosia.
  1835 | D:3      | Noticed an ogre
  1836 | D:3      | 1836 ||| Stepping ~*~*~tactically~*~*~ (stealth).
  1856 | D:3      | HP: 1/32 [ogre/+0 giant club (15)]
  1858 | D:3      | Demolished by an ogre

Levels and vault maps discovered:
D:1:      matt_arrival_refuge, layout_loops_cross, serial_shops, shop
D:2:      layout_basic, minivault_14, uniq_natasha
D:3:      layout_loops_ring, led_sif_book

Skill      XL: |  1  2  3  4  5 |
---------------+----------------+-----
Axes           | 2 3 4 5 |  5.0
Fighting       | |  3.3
Armour         | |  3.2
Shields        | |  3.2

Action                     |  1- 3 |  4- 6 || total
---------------------------+-------+-------++-------
  Melee: War axe           |   116 |    65 ||   181
         Unarmed           |     3 |       ||     3
    Use: Scroll            |       |     4 ||     4
 Armour: Scale mail        |    42 |    29 ||    71
  Dodge: Dodged            |    66 |    27 ||    93
  Block: Buckler           |    20 |    10 ||    30

Table legend:
 A = Non-vault XP
 B = Vault XP
 C = Vault XP percentage of total XP
 D = Non-vault monster count
 E = Vault monster count
 F = Vault count percentage of total count
                 A         B        C        D         E       F
            +---------+---------+-------+---------+---------+-------
      Total |     199 |      35 |  15.0 |      58 |       1 |   1.7
            +---------+---------+-------+---------+---------+-------
        D:1 |      63 |       0 |   0.0 |      33 |       0 |   0.0
        D:2 |     133 |      35 |  20.8 |      23 |       1 |   4.2
        D:3 |       3 |       0 |   0.0 |       2 |       0 |   0.0
            +---------+---------+-------+---------+---------+-------
